 Dungeon Crawl Stone Soup version 0.20-a0-656-g9b0dcd9 (webtiles) character file.

43785 kae the Fencer (level 13, -5/178 HPs)
             Began as a Minotaur Fighter on Feb 11, 2017.
             Was the Champion of Okawaru.
             Killed from afar by a lindwurm (16 damage)
             ... with a blast of flame
             ... on level 6 of the Lair of Beasts on Feb 16, 2017.
             The game lasted 00:20:48 (16588 turns).

kae the Fencer (Minotaur Fighter)                  Turns: 16588, Time: 00:20:49

Health: -5/178     AC: 26    Str: 24    XL:     13   Next: 92%
Magic:  21/21      EV:  2    Int: 11    God:    Okawaru [******]
Gold:   1298       SH:  0    Dex: 12    Spells: 12/12 levels left

rFire    x . .     SeeInvis +   a - +8 triple sword of Wealifa {chaos, Stlth+}
rCold    + . .     Gourm    .   (armour currently unavailable)
rNeg     + + +     Faith    .   (shield currently unavailable)
rPois    +         Spirit   .   (helmet currently unavailable)
rElec    .         Reflect  .   (cloak currently unavailable)
rCorr    .         Harm     .   (gloves currently unavailable)
MR       .....     NoTele   +   (boots currently unavailable)
Stlth    +++++.....             (no amulet)
Regen    0.4/turn               e - ring of the Komtur {Ice rN+ Int+4 SInv Stlth+}
MPRegen  0.2/turn               n - ring of poison resistance

@: tree-form, heroism
A: (retaliatory headbutt), (horns 0), (thin metallic scales 0), agile 1
a: Heroism, Finesse, Renounce Religion


You were on level 6 of the Lair of Beasts.
You worshipped Okawaru.
Okawaru was exalted by your worship.
You were very hungry.
You were a tree.
You visited 2 branches of the dungeon, and saw 18 of its levels.

You collected 1298 gold pieces.

Inventory:

Hand Weapons
 a - the +8 triple sword of Wealifa (weapon) {chaos, Stlth+}
   (Okawaru gifted it to you on level 4 of the Lair of Beasts)

   Each time it hits an enemy it has a different, random effect.
   It makes you more stealthy.
 b - the +2 battleaxe "Deq Xiru" {flame, MR+}
   (You found it on level 6 of the Dungeon)

   It has been specially enchanted to burn those struck by it, causing extra
   injury to most foes and up to half again as much damage against particularly
   susceptible opponents.
   Big, fiery blades are also staple armaments of hydra-hunters.
   It affects your resistance to hostile enchantments.
 c - a +0 shortbow of velocity
Missiles
 u - a throwing net (quivered)
 D - 339 arrows
Armour
 j - a +0 cloak
 B - a +0 pair of gloves (melded)
 G - a +0 pair of boots (melded)
 H - a scarf of cold resistance (melded)
 P - a +2 crystal plate armour (melded)
Jewellery
 e - the ring of the Komtur (right branch) {Ice rN+ Int+4 SInv Stlth+}
   (You found it on level 3 of the Lair of Beasts)

   [ring of ice]

   It enhances your ice magic.
   It affects your intelligence (+4).
   It makes you vulnerable to fire.
   It protects you from cold.
   It protects you from negative energy.
   It lets you see invisible.
   It makes you more stealthy.
 n - a ring of poison resistance (left branch)
 A - a +2 ring of strength
 E - an uncursed ring of see invisible
Wands
 h - a wand of paralysis (13/24)
 L - a wand of polymorph (11/24)
 Q - a wand of digging (19/24)
Scrolls
 g - 4 scrolls of identify
 k - 5 scrolls of remove curse
 o - 5 scrolls of amnesia
 q - 3 scrolls of recharging
 s - 7 scrolls of teleportation
 t - 2 scrolls of fog {unknown}
 C - 2 scrolls of enchant weapon
 F - a scroll of silence {unknown}
 I - a scroll of enchant armour
Potions
 i - a potion of resistance
 l - 2 potions of brilliance
 m - 3 potions of flight
 v - a potion of curing
 x - 2 potions of agility
 y - 2 potions of haste
 z - 3 potions of might
 K - a potion of cancellation {unknown}
Books
 d - a book of Necromancy

   Spells                             Type                      Level
   a - Pain                           Necromancy                   1
   b - Animate Skeleton               Necromancy                   1
   c - Vampiric Draining              Necromancy                   3
   d - Regeneration                   Charms/Necromancy            3
   e - Animate Dead                   Necromancy                   4
   f - Control Undead                 Necromancy                   4
 J - a book of Ice

   Spells                             Type                      Level
   a - Ice Form                       Ice/Transmutation            4
   b - Metabolic Englaciation         Hexes/Ice                    5
   c - Ozocubu's Refrigeration        Ice                          6
   d - Bolt of Cold                   Conjuration/Ice              6
   e - Freezing Cloud                 Conjuration/Ice/Air          6
   f - Simulacrum                     Ice/Necromancy               6
Comestibles
 f - 20 bread rations
 p - a meat ration
 r - 9 royal jellies
 S - 9 fruits


   Skills:
 + Level 12.5(17.5) Fighting
 * Level 16.7(21.7) Long Blades
 + Level 13.0(18.0) Armour
   Level 3.6(8.6) Shields
 * Level 12.6 Invocations


You had 12 spell levels left.
You didn't know any spells.

Dungeon Overview and Level Annotations

Branches:
Dungeon (12/15)            Temple (0/1) D:4            Lair (6/6) D:11
  Swamp (0/4) Lair:4       Spider (0/4) Lair:4        Slime (0/5) Lair:5
    Orc (0/2) D:10

Altars:
Cheibriados
Dithmenos
Elyvilon
Fedhas
Gozag
Makhleb
Nemelex Xobeh
Okawaru
Qazlal
Sif Muna
Trog
Xom
Zin
The Shining One
Jiyva

Shops:
D:4 *   D:5 }   D:10 (

Annotations:
Lair:5 1 runed door
Lair:6 1 runed door


Innate Abilities, Weirdness & Mutations

((You reflexively headbutt those who attack you in melee.))
((You have a pair of horns on your head.))
((You are partially covered in thin metallic scales. (AC +2)))
You are agile. (Dex +2)


Message History

The lindwurm claws you but does no damage.
The lindwurm barely misses you.
You turn into a tree.
Your scarf of cold resistance melds into your body.
Your +0 pair of gloves melds into your body.
Your +0 pair of boots melds into your body.
Your +2 crystal plate armour melds into your body.
You feel less resistant to cold.
Your roots penetrate the ground.
You feel yourself speed up. The torpor snail bites you!
* * * LOW HITPOINT WARNING * * *
Being near the torpor snail leaves you feeling lethargic.
The lindwurm bites you but does no damage.
The lindwurm claws you but does no damage. x2
You hit the lindwurm but do no damage.
The lindwurm is severely wounded.
You feel yourself speed up. The lindwurm breathes flames at you.
The blast of flame hits you! The fire burns you terribly!
You die...

****** ##*########
***,,,.####* #.##.P.##.#
**,,,,,.....######.......###
*,,,,***P....##.....#.#....##
*,,***
***#..#.....#####....##
**,,,,****###.....##.#
#.##...#
*,,,,,*#.##....w######
###.8.## **,,,**,#......#♣#
##...#+*** *****#.....w.#k##
#..###*,,* **...#..P.####
##..# *,,,, **,.,*#.#...**
##..## *,,,,
**,,,**##.#..,*** #...# **,,,
*,,*** ####..,,**
#..#####**,, *,,**** *,#.,,,*
##P.#..##*** *,,,,,**
**,,..,** ##...#.### **,,,,,*
*,,,,,,,* #........##


You could see a torpor snail and a lindwurm.

Vanquished Creatures
  2 entropy weavers (Lair:6)
  Nessos (D:12)
  An ettin (Lair:5)
  A fire dragon (Lair:6)
  5 hydras
  3 two-headed ogres
  A queen ant (Lair:6)
  Nergalle (D:12)
  A swamp dragon (Lair:6)
  An orc knight (D:10)
  2 cyclopes
  3 black mambas
  A torpor snail (Lair:6)
  10 elephants
  A centaur skeleton (D:11)
  A gargoyle (D:9)
  6 spiny frogs
  7 komodo dragons
  A polar bear (Lair:4)
  6 slime creatures (D:12)
  3 hornets
  3 blink frogs (Lair:3)
  7 hippogriffs
  Sigmund (D:3)
  2 redbacks (Lair:4)
  12 yaks
  A vampire (D:12)
  6 basilisks
  3 wyverns
  3 hogs (D:7)
  5 steam dragons
  A human (D:7)
  13 soldier ants (Lair:6)
  2 acid dragons
  13 water moccasins
  7 orc warriors
  10 porcupines
  3 swamp drakes (Lair:6)
  2 ice beasts
  8 necrophages
  2 sky beasts
  A phantom (D:7)
  A black bear (D:8)
  12 wolves (Lair:6)
  7 centaurs
  5 ogres
  An eye of draining (D:12)
  15 crocodiles
  A big kobold (D:10)
  12 bullfrogs
  8 scorpions
  9 killer bees
  12 wights
  3 electric eels
  A howler monkey (D:5)
  5 crimson imps
  2 jellies (D:10)
  2 quasits
  3 bullfrog zombies
  9 orc priests
  10 hounds
  9 orc wizards
  3 bullfrog skeletons
  Jessica (D:3)
  6 iguanas
  25 worker ants
  A hound zombie (D:10)
  A hound skeleton (D:7)
  Robin (D:3)
  7 adders
  4 shadow imps
  An adder skeleton (D:6)
  4 worms
  2 dart slugs
  9 leopard geckos
  55 orcs
  4 giant cockroaches
  7 hobgoblins
  10 jackals
  3 quokkas
  3 ball pythons
  A ball python skeleton (D:4)
  10 bats
  6 frilled lizards
  16 goblins
  A jackal skeleton (D:4)
  A jackal zombie (D:7)
  11 kobolds
  2 leopard gecko skeletons
  A quokka zombie (D:8)
  8 rats
  2 fungi (Lair:6)
496 creatures vanquished.

Vanquished Creatures (collateral kills)
  A hippogriff (Lair:6)
1 creature vanquished.

Vanquished Creatures (others)
  6 fungi
  14 plants
20 creatures vanquished.

Grand Total: 517 creatures vanquished

Notes
Turn   | Place    | Note
-------+----------+-------------------------------------------
     0 | D:1      | kae the Minotaur Fighter began the quest for the Orb.
     0 | D:1      | Reached XP level 1. HP: 19/19 MP: 0/0
     0 | D:1      | Upgraded the game from 0.20-a0-633-gff4aa5c to 0.20-a0-656-g9b0dcd9
   141 | D:1      | Reached XP level 2. HP: 27/27 MP: 1/1
   208 | D:1      | Reached skill level 3 in Long Blades
   456 | D:2      | Found a glowing silver altar of Zin.
   501 | D:2      | Found a snail-covered altar of Cheibriados.
   513 | D:2      | Reached XP level 3. HP: 32/33 MP: 2/2
  1150 | D:3      | Noticed Robin
  1155 | D:3      | Reached XP level 4. HP: 39/41 MP: 3/3
  1182 | D:3      | Killed Robin
  1182 | D:3      | Reached skill level 4 in Long Blades
  1246 | D:3      | Reached skill level 5 in Armour
  1246 | D:3      | Reached XP level 5. HP: 32/47 MP: 4/4
  1379 | D:3      | Noticed Jessica
  1380 | D:3      | Noticed Sigmund
  1381 | D:3      | Found an iron altar of Okawaru.
  1387 | D:3      | Killed Jessica
  1392 | D:3      | Gained mutation: You are agile. (Dex +2) [potion of mutation]
  1392 | D:3      | Gained mutation: You are partially covered in thin metallic scales. (AC +2) [potion of mutation]
  1396 | D:3      | HP: 2/47 [something (7)]
  1731 | D:3      | Killed Sigmund
  1731 | D:3      | Reached skill level 5 in Fighting
  1731 | D:3      | Reached skill level 5 in Long Blades
  1731 | D:3      | Reached XP level 6. HP: 56/56 MP: 5/5
  1815 | D:3      | Became a worshipper of Warmaster Okawaru
  1878 | D:3      | Found a deep blue altar of Sif Muna.
  2066 | D:4      | Found a shadowy altar of Dithmenos.
  2087 | D:4      | Reached skill level 6 in Long Blades
  2328 | D:4      | Found a staircase to the Ecumenical Temple.
  2363 | D:4      | Reached XP level 7. HP: 60/61 MP: 6/6
  2409 | D:4      | Found Lacowkaj's Elemental Accessories.
  2523 | D:4      | Found an opulent altar of Gozag.
  2584 | D:4      | Reached * piety under Okawaru
  2920 | D:5      | Entered Level 5 of the Dungeon
  2932 | D:5      | Reached skill level 7 in Long Blades
  3268 | D:5      | Reached skill level 8 in Long Blades
  3268 | D:5      | Reached XP level 8. HP: 35/71 MP: 7/7
  3273 | D:5      | Reached ** piety under Okawaru
  3445 | D:5      | Found Edemuo Pybb's Gadget Shop.
  4048 | D:5      | Found a bloodstained altar of Trog.
  4169 | D:6      | Reached skill level 9 in Long Blades
  4171 | D:6      | Got a transparent battleaxe
  4172 | D:6      | Identified the +2 battleaxe "Deq Xiru" {flame, MR+} (You found it on level 6 of the Dungeon)
  4673 | D:7      | Reached skill level 1 in Invocations
  5043 | D:7      | Reached XP level 9. HP: 75/80 MP: 9/9
  5116 | D:7      | Reached *** piety under Okawaru
  5116 | D:7      | Reached skill level 10 in Long Blades
  5334 | D:7      | Found a blossoming altar of Fedhas.
  5337 | D:7      | Found a stormy altar of Qazlal.
  5597 | D:8      | Noticed a two-headed ogre
  5608 | D:8      | Killed a two-headed ogre
  5608 | D:8      | Reached **** piety under Okawaru
  5608 | D:8      | Reached skill level 11 in Long Blades
  5648 | D:8      | Found a burning altar of Makhleb.
  5739 | D:8      | Found a glowing golden altar of the Shining One.
  5781 | D:8      | Reached skill level 5 in Invocations
  5820 | D:8      | Reached XP level 10. HP: 62/90 MP: 9/12
  5964 | D:8      | Noticed a two-headed ogre
  5977 | D:8      | Killed a two-headed ogre
  6137 | D:8      | Found a white marble altar of Elyvilon.
  6313 | D:9      | Got an encrusted mace
  6314 | D:9      | Identified the cursed +1 mace of Okawaru's Generosity {pain, rPois Str+4} (You found it on level 9 of the Dungeon)
  6336 | D:9      | Found a sparkling altar of Nemelex Xobeh.
  6342 | D:9      | Reached ***** piety under Okawaru
  6360 | D:9      | Noticed a gargoyle
  6367 | D:9      | Killed a gargoyle
  6368 | D:9      | Found a shimmering altar of Xom.
  6488 | D:9      | Reached skill level 12 in Long Blades
  7230 | D:10     | Entered Level 10 of the Dungeon
  7233 | D:10     | Reached skill level 10 in Armour
  7234 | D:10     | Identified a scroll of acquirement
  7260 | D:10     | Noticed an orc knight
  7274 | D:10     | Killed an orc knight
  7561 | D:10     | Reached XP level 11. HP: 94/99 MP: 12/15
  7571 | D:10     | Received a gift from Okawaru
  7733 | D:10     | Found Raufre Iwkot's Weapon Emporium.
  7735 | D:10     | Found a staircase to the Orcish Mines.
  8402 | D:11     | Reached skill level 10 in Fighting
  8402 | D:11     | Reached skill level 13 in Long Blades
  8527 | D:11     | Found a staircase to the Lair.
  9268 | D:12     | Noticed Nergalle
  9294 | D:12     | Killed Nergalle
  9428 | D:12     | Noticed Nessos
  9457 | D:12     | Killed Nessos
  9733 | D:12     | Reached skill level 14 in Long Blades
 10029 | D:12     | Noticed a two-headed ogre
 10037 | D:12     | Killed a two-headed ogre
 10037 | D:12     | Received a gift from Okawaru
 10037 | D:12     | Reached XP level 12. HP: 108/108 MP: 18/18
 10273 | Lair:1   | Entered Level 1 of the Lair of Beasts
 10299 | Lair:1   | Noticed a six-headed hydra
 10306 | Lair:1   | Killed a three-headed hydra
 10319 | Lair:1   | Found a stormy altar of Qazlal.
 10434 | Lair:1   | Reached skill level 10 in Invocations
 12002 | Lair:3   | Noticed a seven-headed hydra
 12012 | Lair:3   | Killed a two-headed hydra
 12128 | Lair:3   | Got a fine silver ring
 12176 | Lair:3   | Reached skill level 15 in Long Blades
 12439 | Lair:4   | Identified the ring of the Komtur {Ice rN+ Int+4 SInv Stlth+} (You found it on level 3 of the Lair of Beasts)
 12597 | Lair:4   | Found a staircase to the Swamp.
 12682 | Lair:4   | Found a hole to the Spider Nest.
 12870 | Lair:4   | Reached ****** piety under Okawaru
 12930 | Lair:4   | Received a gift from Okawaru
 12933 | Lair:4   | Got a crude triple sword {god gift}
 12934 | Lair:4   | Identified the +8 triple sword of Wealifa {chaos, Stlth+} (Okawaru gifted it to you on level 4 of the Lair of Beasts)
 13157 | Lair:5   | Found a runed door.
 13158 | Lair:5   | Found a viscous altar of Jiyva.
 13160 | Lair:5   | Found a staircase to the Slime Pits.
 13448 | Lair:5   | Noticed a six-headed hydra
 13456 | Lair:5   | Noticed an ettin
 13456 | Lair:5   | an 11-headed hydra changed into an ettin
 13457 | Lair:5   | Killed an ettin
 13457 | Lair:5   | Reached XP level 13. HP: 28/114 MP: 20/20
 14308 | Lair:6   | Entered Level 6 of the Lair of Beasts
 14517 | Lair:6   | Received a gift from Okawaru
 14961 | Lair:6   | Noticed an entropy weaver
 14967 | Lair:6   | Noticed an entropy weaver
 14969 | Lair:6   | Killed an entropy weaver
 14969 | Lair:6   | Reached skill level 16 in Long Blades
 15341 | Lair:6   | Killed an entropy weaver
 15898 | Lair:6   | Noticed a fire dragon
 15915 | Lair:6   | Killed a fire dragon
 16541 | Lair:6   | Found a runed door.
 16585 | Lair:6   | HP: 5/119 [lindwurm/blast of flame (12)]
 16588 | Lair:6   | Killed from afar by a lindwurm

Vault maps used:
D:1:      minmay_arrival_wavy_path, minmay_statues_item
D:2:      zin_scriptorium, kennysheep_slug_shrine
D:3:      okawaru_ov_weapons_minmay, led_sif_pool, first_bread, uniq_sigmund,
          uniq_jessica, uniq_robin
D:4:      kennysheep_big_flooded_room, kennysheep_little_box,
          grunt_gozag_breadcrumbs, minmay_temple_entry_overgrown,
          nicolae_elemental_shop
D:5:      marbit_many_paths, serial_shops, nicolae_shop_waterfront,
          minmay_misc_feat_tower
D:7:      grunt_temple_overflow_forces_of_nature, st_stairs_2, grunt_livestock,
          eino_tiny_chamber
D:8:      old_standard_altar, overflow_temple_1_default, tso_metal_star,
          grunt_ministairs_9
D:9:      grunt_temple_overflow_open
D:10:     orc_david_3
D:11:     lair_entry_dummy, water_maze_lemuel
D:12:     uniq_nessos, uniq_nergalle
Lair:1:   basic_altar, serial_bayou_shore_b
Lair:2:   minmay_stone_trees_small, nicolae_quartered_pool_super, st_stairs_3
Lair:3:   roderic_carrion_pond
Lair:4:   swamp_mist, spider_nest_entry_webs
Lair:5:   slime_altar_2, grunt_megastairs_5, serial_bayou_shore_a
Lair:6:   guppyfry_lair_end_dragon, wormcave, zaba_antful_of_joy,
          infiniplex_staircase_pool

Skill      XL: |  1  2  3  4  5  6  7  8  9 10 11 12 13 |
---------------+----------------------------------------+-----
Fighting       | 4 5 6 7 8 9 10 11 12 | 12.5
Long Blades    | 3 4 5 6 8 9 11 12 14 15 16 | 16.7
Armour         | 4 5 6 7 8 9 10 11 12 13 | 13.0
Invocations    | 2 5 7 9 11 12 | 12.6
Shields        | |  3.6

Action                   |  1- 3 |  4- 6 |  7- 9 | 10-12 | 13-15 || total
-------------------------+-------+-------+-------+-------+-------++-------
Melee: Long sword        |   102 |   109 |   165 |   536 |       ||   912
       Headbutt          |    15 |    24 |    50 |   163 |    57 ||   309
       Scimitar          |       |       |    86 |   121 |       ||   207
       Punch             |       |       |     1 |     6 |       ||     7
       Triple sword      |       |       |       |    32 |   241 ||   273
       Battleaxe         |       |       |       |     8 |    17 ||    25
 Fire: Shortbow          |       |       |     8 |       |       ||     8
Throw: Throwing net      |       |       |     1 |       |       ||     1
Invok: Heroism           |       |       |     3 |    18 |     9 ||    30
  Use: Scroll            |     3 |     2 |    13 |    12 |     3 ||    33
       Potion            |       |     4 |     1 |     1 |     6 ||    12
 Stab: Petrifying        |       |       |       |       |     1 ||     1
  Eat: Chunk             |     1 |     4 |    11 |    25 |     2 ||    43
       Meat ration       |       |       |       |       |     1 ||     1
       Royal jelly       |       |       |       |       |     1 ||     1
Armor: Scale mail        |    33 |    51 |    85 |    67 |       ||   236
       Crystal plate arm |       |       |       |   384 |   408 ||   792
       Skin              |       |       |       |       |    45 ||    45
Dodge: Dodged            |    33 |    32 |    73 |   183 |   132 ||   453
Block: Shield            |    52 |    48 |    52 |       |       ||   152
       Rpst.: Long sword |     7 |     9 |    12 |    27 |       ||    55
       Scimitar          |       |       |     5 |    17 |       ||    22
       Triple sword      |       |       |       |     1 |    24 ||    25
